Cogmind - Beta 16.1 @@@ ROGUE MODE // 2026.02.25 @ 20:57:23 Player: AngelSpirit Result: Destroyed by G-47 Trooper with Particle Gun Performance ------------- Evolutions (0) 0 Regions Visited (1) 200 Robots Destroyed (28) 140 Value Destroyed (615) 615 Prototype IDs (4) 80 Alien Tech Used (0) 0 Bonus (0) 0 TOTAL SCORE: 1035 Bonus ------- None Cogmind --------- Core Integrity 0/250 Matter 300/300 Energy 250/250 System Corruption 0% Temperature Cool (9) Movement Rolling (140) Ox4 Location -10/Materials Parts ------- > --- POWER (1) -------- Ion Engine > --- PROPULSION (2) --- Wheel > --- UTILITY (2) ------ High-capacity Storage Unit Light Armor Plating > --- WEAPON (2) ------- Hammer > --- INVENTORY (20) --- Ion Engine Sensor Array Seismic Detector Light Armor Plating Light Armor Plating Small Laser Peak State ------------ > --- POWER ------------ Light Ion Engine > --- PROPULSION ------- Wheel Compact Wheel > --- UTILITY ---------- Small Storage Unit High-capacity Storage Unit > --- WEAPON ----------- EM Pulse Gun Assault Rifle > --- INVENTORY -------- Wheel Wheel Wheel Compact Wheel Seismic Detector Light Armor Plating Light Armor Plating Light Armor Plating Light Armor Plating Light Armor Plating [Rating: 8] Favorites ----------- Power Light Ion Engine Engine Light Ion Engine Propulsion Wheel Wheel Wheel Utility High-capacity Storage Unit Device Sensor Array Storage High-capacity Storage Unit Protection Light Armor Plating Weapon Assault Rifle Energy Gun EM Pulse Gun Ballistic Gun Assault Rifle Impact Weapon Hammer Build | -11 -10 ------- Run | Yrd Mat Slots Evolved . | . . Power . | . . Propulsion . | . . Utility . | . . Weapon . | . . Parts Attached 19 | 6 13 Power 2 | 1 1 Engine 2 | 1 1 Core . | . . Reactor . | . . Propulsion 6 | 2 4 Treads . | . . Leg . | . . Wheel 6 | 2 4 Hover . | . . Flight . | . . Utility 7 | 1 6 Device 1 | . 1 Storage 2 | 1 1 Processor . | . . Hackware . | . . Protection 4 | . 4 Artifact . | . . Weapon 4 | 2 2 Energy Gun 2 | 1 1 Energy Cannon . | . . Ballistic Gun 1 | 1 . Ballistic Cannon . | . . Launcher . | . . Special Weapon . | . . Impact Weapon 1 | . 1 Slashing Weapon . | . . Piercing Weapon . | . . Special Melee Weapon . | . . Unidentified Prototypes . | . . Parts Lost 11 | . 11 Power 1 | . 1 Propulsion 5 | . 5 Utility 2 | . 2 Weapon 3 | . 3 Highest Loss Streak 7 | . 7 To Critical Strikes . | . . Average Backups 6 | . 7 Power . | . . Propulsion 2 | . 2 Utility 3 | . 4 Weapon . | . . Tool/Special . | . . Unused Backups 5 | . 5 Power 1 | . 1 Propulsion . | . . Utility 3 | . 3 Weapon 1 | . 1 Tool/Special . | . . Average Slot Usage (%) 86 | . 86 Engine 11 | . 11 Wheel 25 | . 25 Device 2 | . 2 Storage 15 | . 15 Protection 7 | . 7 Energy Gun 7 | . 7 Ballistic Gun 6 | . 6 Impact Weapon 8 | . 8 Peak Build Rating 8 | 6 8 Average Rating 6 | 5 6 On Entrance 3 | . 6 Avg Prop Armor Cover (%) . | . . Naked Turns . | . . Heaviest Build 52 | 12 52 Greatest Support 26 | 26 26 Greatest Overweight (x) 4 | . 4 Average Overweight (x) . | . 1 Largest Inventory Capacity 20 | 8 20 Average Capacity 17 | 7 18 Most Carried 10 | 5 10 Average Carried 6 | 1 7 Final Capacity 20 | 8 20 Final Carried 6 | 5 6 Class Distribution -------------------- 100% | Mutant Dominant Class ---------------- Mutant | -10/Materials Resources | -11 -10 ----------- Run | Yrd Mat Matter Collected 485 | 287 198 Remotely . | . . Salvage Created 926 | 160 766 Parts 30 | 10 20 Haulers Intercepted 1 | . 1 Recyclers Shooed 2 | 1 1 Parts Field Recycled . | . . Retrieved Matter . | . . Parts Self-Destructed . | . . Prevented . | . . Parts Restored . | . . Kills | -11 -10 ------- Run | Yrd Mat Combat Hostiles Destroyed 17 | . 17 Melee 7 | . 7 Guns 6 | . 6 AOE 1 | . 1 Classes Destroyed 7 | 2 5 Worker 1 | . 1 Tunneler 6 | 5 1 Hauler 1 | . 1 Recycler 2 | 1 1 Operator 1 | . 1 Swarmer 3 | . 3 Grunt 14 | . 14 Best Kill Streak 6 | 6 5 Combat Bots Only 3 | . 3 Max Kills in Single Turn 2 | 1 2 Gunslinging . | . . Exploded 1 | . 1 Melee 1 | . 1 Uniques/NPCs Destroyed . | . . Combat | -11 -10 -------- Run | Yrd Mat Hostile Shots Fired 115 | . 115 Missed 23 | . 23 Hits 92 | . 92 Projectile 92 | . 92 Critical Strikes 1 | . 1 Damage Taken 1143 | . 1143 Core 250 | . 250 Absorbed by Shields . | . . Core Remaining (%) 100 | 100 . Volleys Fired 36 | 9 27 Largest 2 | 2 2 Hottest 60 | 60 60 Shots Fired 71 | 18 53 Gun 71 | 18 53 Cannon . | . . Launcher . | . . Special . | . . Kinetic 35 | 9 26 Thermal 1 | . 1 Explosive . | . . Electromagnetic 35 | 9 26 Robot Hit Streak 20 | 6 20 Robot Miss Streak 4 | 3 4 Penetration Max . | . . Secondary Targets . | . . Shots Hit Robots 87 | 12 75 Core Hits 31 | 7 24 Critical Kills . | . . Critical Parts Destroyed 4 | . 4 Critical Strikes 5 | . 5 Corrupt 1 | . 1 Smash 4 | . 4 Melee Attacks 54 | . 54 Impact 54 | . 54 Slashing . | . . Piercing . | . . Sneak Attacks 3 | . 3 Combat Hostiles . | . . Follow-up Attacks . | . . Damage Inflicted 2030 | 172 1858 Guns 654 | 172 482 Cannons . | . . Explosions 162 | . 162 Melee 1214 | . 1214 Ramming . | . . Kinetic 335 | 83 252 Thermal 172 | . 172 Explosive . | . . Electromagnetic 309 | 89 220 Impact 1214 | . 1214 Slashing . | . . Piercing . | . . Highest Corruption . | . . Average Corruption . | . . Corruption Purged . | . . Corruption Blocked . | . . Overload Shots . | . . Overflow Damage 212 | . 212 Projectiles . | . . Explosions . | . . Melee 212 | . 212 Knockbacks 6 | . 6 Impact 5 | . 5 Kinetic . | . . Secondary 1 | . 1 Self-Inflicted Damage 54 | . 54 Shots 1 | . 1 Rammed . | . . Targets Rammed . | . . Kicked . | . . Crushed . | . . Highest Temperature 228 | . 228 Average Temperature 95 | . 95 Received Heat Transfer 585 | . 585 Siege Activations . | . . Martial Activations . | . . Shielding Activations . | . . Robots Disrupted . | . . Combat Hostiles . | . . Robots Corrupted 5 | . 5 Combat Hostiles 3 | . 3 Parts Fried 10 | . 10 Impact Corruptions 11 | . 11 Robots Melted . | . . Combat Hostiles . | . . Parts Melted . | . . Heat Transferred 225 | . 225 Parts Sabotaged . | . . Parts Stolen . | . . Parts Stripped . | . . Power Chain Reactions 1 | . 1 Alert | -11 -10 ------- Run | Yrd Mat Maximum Alert Level . | . . Low Security (%) 100 | 100 100 Level 1 . | . . Level 2 . | . . Level 3 . | . . Level 4 . | . . Level 5 . | . . High Security . | . . Max Security . | . . Peak Influence 184 | 10 184 Initial 3 | . 3 Average 106 | 3 125 Influence Increases 559 | 30 529 Destroy 0b10 Robot/C 340 | . 340 Destroy 0b10 Robot/NC 55 | 30 25 Destroy Leader 82 | . 82 Successful Hack 15 | . 15 Select Force Hacks 30 | . 30 Disable Machine 15 | . 15 Destroy Structure 7 | . 7 Lose Combat Pursuer 15 | . 15 Influence Decreases 383 | 25 358 Entered New Map 2 | . 2 Time Decay 271 | 25 246 Lost Part 110 | . 110 Squads Dispatched 6 | . 6 Investigation 3 | . 3 Extermination . | . . Reinforcement 3 | . 3 Assault . | . . Garrison . | . . Intercept . | . . Searches Triggered . | . . Construction Impeded . | . . Haulers Reinforced . | . . Active Scanning Responses . | . . Cargo Convoy Interrupts . | . . Stealth | -11 -10 --------- Run | Yrd Mat Distress Signals 1 | . 1 Communications Jammed . | . . Distress Signals . | . . Times Spotted 24 | . 24 Peak Tracking Total 6 | . 6 Tactical Retreats 1 | . 1 Traps | -11 -10 ------- Run | Yrd Mat Traps Triggered 2 | . 2 Indirectly . | . . Trap Hack Attempts . | . . Triggered . | . . Disarmed . | . . Reprogrammed . | . . Reused . | . . Traps Extracted . | . . Installed . | . . Triggered . | . . Machines | -11 -10 ---------- Run | Yrd Mat Machines Disabled 1 | . 1 Max in Single Turn 1 | . 1 Machines Repaired . | . . Machines Dismantled . | . . Machines Sabotaged . | . . Overloaded Fab Kills . | . . Hacking | -11 -10 --------- Run | Yrd Mat Machines Accessed 3 | . 3 Terminals 2 | . 2 Fabricators . | . . Repair Stations . | . . Recycling Units 1 | . 1 Scanalyzers . | . . Garrison Access . | . . Total Hacks 9 | . 9 Successful 8 | . 8 Failed 1 | . 1 Catastrophic 1 | . 1 Database Lockouts . | . . Manual 5 | . 5 Terminals 7 | . 7 Fabricators . | . . Repair Stations . | . . Recycling Units 2 | . 2 Scanalyzers . | . . Garrison Access . | . . Terminal Hacks 3 | . 3 Prototype ID Bank 2 | . 2 Zone Layout 1 | . 1 Fabricator Hacks . | . . Repair Station Hacks . | . . Recycling Unit Hacks 1 | . 1 Retrieve Components 1 | . 1 Scanalyzer . | . . Garrison Access Hacks . | . . Unauthorized Hacks 4 | . 4 Terminals 3 | . 3 Botnet 1 | . 1 Operators 1 | . 1 Skim 1 | . 1 Fabricators . | . . Repair Stations . | . . Recycling Units 1 | . 1 Tunnel 1 | . 1 Scanalyzers . | . . Garrison Access . | . . Data Cores Recovered . | . . Used . | . . Hacking Detections 2 | . 2 Full Trace Events . | . . Feedback Events . | . . Feedback Blocked . | . . Robot Schematics Acquired . | . . Robots Built . | . . Authchips . | . . Time . | . . Total Robot Build Rating . | . . Part Schematics Acquired . | . . Parts Built . | . . Authchips . | . . Time . | . . Total Part Build Rating . | . . Part Studies Acquired . | . . Parts Repaired . | . . Time . | . . Parts Recycled . | . . Recycled Matter . | . . Retrieved Matter . | . . Retrieved Components 5 | . 5 Parts Scanalyzed . | . . Part Schematics Acquired . | . . Parts Damaged . | . . Bothacking | -11 -10 ------------ Run | Yrd Mat Used RIF Installer . | . . Robots Hacked . | . . Non-combat . | . . Combat . | . . Robot Hacks Applied . | . . Relay Couplers Released . | . . Fabnet Peak Effective % . | . . Robots Rewired . | . . Allies Hacked . | . . Hacks Repelled . | . . Allies | -11 -10 -------- Run | Yrd Mat Total Allies . | . . Largest Group . | . . Highest-Rated Group . | . . Highest-Rated Ally . | . . Total Orders . | . . Ally Attacks . | . . Total Damage . | . . Kills . | . . Allies Corrupted . | . . Allies Melted . | . . Intel | -11 -10 ------- Run | Yrd Mat Active Infowar (turns) 95 | . 95 Sensors 95 | . 95 Robot Analysis Total . | . . Derelict Logs Recovered . | . . Drone Launches . | . . Drone Recoveries . | . . Exploration | -11 -10 ------------- Run | Yrd Mat Turns Passed 631 | 97 534 Spaces Moved 275 | 60 215 Core 3 | 3 . Treads . | . . Legs . | . . Wheels 272 | 57 215 Hover . | . . Flight . | . . Fastest Speed 50 | 50 90 Average Speed 102 | 87 106 Slowest Speed 140 | 90 140 Overloaded Moves . | . . Propulsion Burnouts . | . . Robots Hopped . | . . Potential Cave-ins . | . . Cave-ins Triggered . | . . Exploration Rate (%) 26 | 4 48 Regions Visited 1 Branch Regions . Pre-discovered Areas 1 | . 1 Known Exits Taken . | . . Unknown Exits Taken 1 | 1 . Scrap Searched . | . . Spaces Dug . | . . Terrain Destroyed 3 | . 3 Melee . | . . Projectile . | . . AOE 3 | . 3 Terrain Rammed . | . . Walls Destroyed . | . . Machines Disabled . | . . Actions | -11 -10 --------- Run | Yrd Mat Total 453 | 83 370 Wait 51 | 4 47 Move 274 | 59 215 Hop . | . . Pick Up 14 | 5 9 Fast Attach 10 | 6 4 Attach 7 | . 7 Detach 1 | . 1 Swap 4 | . 4 Drop 2 | . 2 Fire 36 | 9 27 Melee 54 | . 54 Ram . | . . Kick . | . . Crush . | . . Escape Stasis . | . . Rewire . | . . Trap . | . . Miscellaneous . | . . Route ------- -11/Scrapyard -10/Materials (discovered 1 exit: [*Mat]) History --------- Turn | Location | Event 10 | -11/Scrapyard | Discovered new exit (range 15) 98 | -11/Scrapyard | Entered Materials 308 | -10/Materials | Build established: Mutant 457 | -10/Materials | Core integrity fell below 50% 481 | -10/Materials | Lost 7 parts (1p3n1u2w) 490 | -10/Materials | Discovered new exit (range 16) 618 | -10/Materials | Core integrity fell below 20% 627 | -10/Materials | Lost 3 parts (2n1u) 632 | -10/Materials | Destroyed by G-47 Trooper with Particle Gun Last Messages --------------- 00608_ Destroyed Aluminum Leg. 00608_ G-34 Mercenary system corrupted by crushing effect. 00608_ G-34 Mercenary knocked back. 00611_ K-01 Serf collects debris. 00614_ G-34 Mercenary destroyed. 00615_ Acquired 10 matter. 00615_ K-01 Serf collects debris. 00622_ G-47 Trooper knocked back. 00625_ G-34 Mercenary suffers critical hit (Smash). 00625_ Destroyed Heat Sink. 00625_ G-34 Mercenary system corrupted by crushing effect. 00625_ K-01 Serf collects debris. 00626_ G-34 Mercenary system terminally corrupted. 00626_ Sml. Laser fried. 00626_ Ion Engine fried. 00631_ K-01 Serf collects debris. Map ----- +----------------------------------------------------+ | ??????????????????????# ############ #???????? | | ??????????????????????# #???????? | | ??????????????????????# ######### #???????? | | ??????????????????????# #???????# #???????? | | ??????????????????????# ######### ######### | | ???????????????######## # ## | | ???????????????# ! # # "T" ## | | ???????????????# # # ## | | ???????????????# + + ! ## ######## | | ???????????????# "T" # # ## # ???? | | ??########?????# """ !# # ## # ???? | | ??# #?????# # #########/## # ???? | | ??# #?????######## ## ## # ???? | | ??# /!! #??########### ## """ %## # ???? | | ??# ! #??# * * # ## """= /% # ???? | | #?# ! #??# T * + ## """ *## ###+#???? | | #?# ! #??# ** # ## ##=%=#?# ???? | | ######+###??# [ # ## ##==!### ???? | | # #??########### ## ## ???? | | #% ############# #####+##### ??? | | +% *% = %%% % ! o ??? | | #!% ################## ??? | | # ==#????????????????# k ??? | | # %#####????????????# %m ###### ###+####### ##?? | | # # #????????#######g#######? #?????????? #??? | | # #????????# [%@ #? #???????????#??? | | # # #????????# "" "" """ #? #??????????????? | | # ## ##????????# "T """ """ #? #??????????????? | | # ###########??# "" """ """ #? #??????????????? | | # # #??# #? #??????????????? | | + # #??# ! #? #??????????????? | | # # #??###############??#??????????????? | | # # #??????????????????????????????????? | | # # #??????????????????????????????????? | | # # """ """ #??????????????????????????????????? | | + + """ """ #??????????????????????????????????? | | # # """ """????????????????????????????????????? | | # %########?????????????????????????????????????? | | # #???????????????????????????????????????? | | # #???????????????????????????????????????? | | # % #???????????????????????????????????????? | | ###+## #???????????????????????????????????????? | | # #???????????????????????????????????????? | | # #???????????????????????????????????????? | | ! ! # #???????????????????????????????????????? | | !! # #???????????????????????????????????????? | | !! # #???????????????????????????????????????? | | # #?????????????o?????????????????????????? | | # #???????????????????????????????????????? | | # #???????????????????????????????????????? | +----------------------------------------------------+ Best States ------------- Heat Dissipation 25 Energy Generation 10 Energy Capacity 250 Matter Stores 300 Matter Capacity 300 Sight Range 16 Robot Scan Range 14 Terrain Scan Density 10 Armor Coverage 150 Evasion (%) 42 Item Schematics ----------------- None Robot Schematics ------------------ None Fabricated ------------ Nothing Repaired ---------- Nothing Studied --------- None Alien Tech Used ----------------- None Achievements -------------- None Challenges ------------ None Game ------ Seed LegSiegeTreads Manual? 0 Play Time 00:09:42 Cumulative 594.2 hours Start 2026.02.25 @ 20:51:22 End 2026.02.25 @ 20:57:23 Sessions 1 Manual Loads 0 Difficulty Rogue Special Mode None Game No. 198 Rogue 198 Adventurer 0 Explorer 0 Win Type - Total 20 Types 8/0/6/1/1/0/0/1/1/2 Lore% 91 Gallery% 85 Achievement% 77 Wizard Run 0 Options --------- Layout 1 ASCII 0 Keyboard 0 Movement Mouse Keybinds 0 Fullscreen 2 Font 32/SmallcapsGlow Map View 50x35 Zoom Use 0% Tactical HUD 1 Map Filters NONE Filters NONE Steam 1 RUN: 8fa958c6-5683-4d53-b134-7947d4d1f368